 Dungeon Crawl Stone Soup version 0.32-a0-818-gb728d0252e (webtiles) character file.

Game seed: 2945273428610969221

674 Griffin23 the Slasher (level 7, 0/62 HPs)
             Began as a Minotaur Fighter on Mar 23, 2024.
             Slain by a gnoll
             ... wielding a +0 spear
              (3 damage)
             ... on level 4 of the Dungeon.
             The game lasted 00:06:16 (3918 turns).

Griffin23 the Slasher (Minotaur Fighter)            Turns: 3918, Time: 00:06:17

Health: 0/62       AC: 10    Str: 19 (21) XL:     7   Next: 33%
Magic:  6/6        EV:  4    Int:  8 (9)  God:
Gold:   205        SH:  0    Dex: 12 (15) Spells: 6/6 levels left

rFire   + . .        a - +1 long sword
rCold   + . .        c - +0 buckler
rNeg    . . .        b - +0 scale mail
rPois   .            (helmet restricted)
rElec   .            j - +0 cloak
rCorr   .            (no gloves)
SInv    .            l - +0 pair of boots
Will    .....        (no amulet) Stlth
                     q - +6 ring of dexterity
HPRegen 0.30/turn    m - ring of flight
MPRegen 0.10/turn

%: no passive effects
@: flying, held
A: horns 2, retaliatory headbutt, clever 1, cold resistance 1, fire resistance 1
a: no special abilities


You were on level 4 of the Dungeon.
You visited 1 branch of the dungeon, and saw 5 of its levels.

You collected 205 gold pieces.

Inventory:

Hand Weapons
 a - a +1 long sword (weapon)
Missiles
 f - 3 boomerangs (quivered)
Armour
 b - a +0 scale mail (worn)
 c - a +0 buckler (worn)
 j - a +0 cloak (worn)
 l - a +0 pair of boots (worn)
Jewellery
 m - a ring of flight (right hand)
 q - a +6 ring of dexterity (left hand)
Scrolls
 e - 5 scrolls of identify {unknown}
 k - a scroll of enchant armour {unknown}
Potions
 d - a potion of mutation


   Skills:
 + Level 5.6 Fighting
 * Level 6.4 Long Blades
 + Level 5.6 Armour
 + Level 5.6 Shields


You had 6 spell levels left.
You didn't know any spells.
Your spell library contained the following spells:

 Spells                   Type           Power      Damage    Failure   Level
 Freeze                   Ice            0%         1d3       83%         1
 Sandblast                Erth           0%         2d4       83%         1
 Stone Arrow              Conj/Erth      0%         3d7       99%         3
 Summon Ice Beast         Ice/Summ       0%         N/A       99%         3
 Brom's Barrelling Bould  Conj/Erth      0%         2d3       100%        4
 Summon Blazeheart Golem  Fire/Summ      0%         N/A       100%        4
 Fireball                 Conj/Fire      0%         3d3       100%        5


Dungeon Overview and Level Annotations

Branches:
Dungeon (5/15)
 Temple: D:4-7

Altars:
Makhleb

Shops:
D:2 (

Annotations:
D:4 3 runed translucent doors, Gazog's ghost, novice TrWr


Innate Abilities, Weirdness & Mutations

You have a pair of horns on your head.
You reflexively headbutt those who attack you in melee.
Your mind is acute. (Int +4, Str/Dex -1)
Your flesh is cold resistant. (rC+)
Your flesh is heat resistant. (rF+)


Message History

You are too injured to fight recklessly!
You hit the gnoll.
The gnoll is moderately wounded.
The gnoll hits you with a +0 flail.
The gnoll hits you but does no damage. x2
You closely miss the gnoll.
The gnoll is moderately wounded.
The gnoll hits you with a +0 flail. The gnoll hits you but does no damage.
You block the gnoll's attack.
You slash the gnoll!
The gnoll is severely wounded.
The gnoll hits you with a +0 flail. You block the gnoll's attack.
The gnoll hits you but does no damage.
You hit the gnoll. Your headbutt misses the gnoll.
The gnoll is almost dead.
The gnoll hits you with a +0 flail.
* * * LOW HITPOINT WARNING * * *
The gnoll hits you with a +0 whip.
* * * LOW HITPOINT WARNING * * *
The gnoll hits you but does no damage.
You hit the gnoll.
You kill the gnoll!
The gnoll hits you but does no damage.
You slash the gnoll! You headbutt the gnoll.
You kill the gnoll!
The gnoll throws a throwing net.
The throwing net hits you.
You become entangled in the net!
You tear a large gash into the net.
The gnoll hits you from afar with a +0 spear.
* * * LOW HITPOINT WARNING * * *
You shred the net and break free!
The gnoll throws a throwing net.
The throwing net hits you.
You become entangled in the net!
You struggle against the net.
The gnoll hits you from afar with a +0 spear!
* * * LOW HITPOINT WARNING * * *
You struggle against the net.
The gnoll hits you from afar with a +0 spear.
* * * LOW HITPOINT WARNING * * *
You struggle against the net.
The gnoll hits you from afar with a +0 spear.
You die...

.......###.#.##......#
.......#...#..###...##
##............##...##
#................##
##...###.....#.....#
##....###..####...##
.....##....# ##...#
.....##....###....#
........##.....)@.#
.........#......###
....## .......g##
....# ........# ....#
......... ....#
....#..g..
.........####.....
........# #......
#........ #.......


You could see a gnoll.

Vanquished Creatures
  Sigmund (D:2)
  An ogre (D:4)
  A scorpion (D:4)
  A bombardier beetle (D:4)
  A hound (D:2)
  Crazy Yiuf (D:2)
  A jelly (D:4)
  2 orc wizards (D:4)
  2 iguanas (D:4)
  3 gnolls (D:4)
  3 adders
  2 dart slugs
  A ribbon worm (D:2)
  7 orcs
  5 bats
  11 endoplasms
  3 giant cockroaches
  9 goblins
  7 hobgoblins
  3 quokkas
  8 ball pythons
  4 frilled lizards
  8 kobolds
  5 rats
90 creatures vanquished.

Notes
Turn   | Place    | Note
-------+----------+-------------------------------------------
     0 | D:1      | Griffin23 the Minotaur Fighter began the quest for the Orb.
     0 | D:1      | Reached XP level 1. HP: 19/19 MP: 0/0
    92 | D:1      | Reached XP level 2. HP: 27/27 MP: 1/1
   200 | D:1      | Got the Folio of Hoarfrost and Anthracomancy
   433 | D:1      | Reached skill level 3 in Long Blades
   742 | D:1      | Reached XP level 3. HP: 28/33 MP: 2/2
  1169 | D:2      | Found Sekyidim's Antique Weapon Shoppe.
  1363 | D:2      | Noticed Sigmund
  1369 | D:2      | Killed Sigmund
  1370 | D:2      | Reached skill level 4 in Long Blades
  1370 | D:2      | Reached XP level 4. HP: 25/41 MP: 3/3
  1370 | D:2      | Reached XP level 5. HP: 29/47 MP: 4/4
  1880 | D:2      | Found a runed translucent door.
  1881 | D:2      | Noticed Crazy Yiuf
  1889 | D:2      | Killed Crazy Yiuf
  1890 | D:2      | Reached skill level 5 in Long Blades
  1890 | D:2      | Reached XP level 6. HP: 35/55 MP: 5/5
  2326 | D:3      | Reached skill level 5 in Shields
  2398 | D:3      | Reached skill level 5 in Armour
  2870 | D:4      | Reached skill level 5 in Fighting
  3100 | D:4      | Found a runed translucent gate.
  3101 | D:4      | Found a runed translucent gate.
  3103 | D:4      | Found a burning altar of Makhleb.
  3204 | D:4      | Found a runed translucent gate.
  3204 | D:4      | Noticed Gazog's ghost (novice TrWr)
  3356 | D:4      | Gained mutation: Your mind is acute. (Int +4, Str/Dex -1)
                  | [potion of mutation]
  3356 | D:4      | Gained mutation: Your flesh is cold resistant. (rC+)
                  | [potion of mutation]
  3356 | D:4      | Gained mutation: Your flesh is heat resistant. (rF+)
                  | [potion of mutation]
  3369 | D:5      | Entered Level 5 of the Dungeon
  3645 | D:4      | Reached skill level 6 in Long Blades
  3645 | D:4      | Reached XP level 7. HP: 20/61 MP: 6/6
  3917 | D:4      | HP: 3/62 [gnoll/+0 spear (5)]
  3918 | D:4      | Slain by a gnoll

Illustrated notes

Levels and vault maps discovered:
D:1:      ncdulo_smallfort, layout_basic, st_stairs_9,
          minmay_misc_feat_more_columns
D:2:      layout_loops_ring, serial_shops, nicolae_shop_dealshenge,
          uniq_crazy_yiuf_cottage, uniq_sigmund
D:3:      cheibrodos_old_hovel, layout_basic
D:4:      layout_cave_pools, mainiacjoe_overflow_cross_hatched,
          gammafunk_ghost_nasty_kobolds
D:5:      layout_basic, trog_ov_bears_minmay, minmay_checkerbox, uniq_edmund

Skill      XL: |  1  2  3  4  5  6 |
---------------+-------------------+-----
Long Blades    | 3 4 5 6 |  6.4
Armour         | 4 5 |  5.6
Shields        | 4 5 |  5.6
Fighting       | 4 5 |  5.6

Action                     |  1- 3 |  4- 6 |  7- 9 || total
---------------------------+-------+-------+-------++-------
  Melee: Long sword        |    71 |   135 |    23 ||   229
         Headbutt          |    10 |    27 |     3 ||    40
    Use: Potion            |     1 |     5 |       ||     6
         Scroll            |       |     3 |       ||     3
 Armour: Scale mail        |    64 |   111 |    45 ||   220
  Dodge: Dodged            |    25 |    50 |     5 ||    80
  Block: Buckler           |    10 |    35 |     4 ||    49

Table legend: (Time is in decaauts)
 A = Elapsed time spent in this place.
 B = Non-inter-level travel time spent in this place.
 C = Inter-level travel time spent in this place.
 D = Time resting spent in this place.
 E = Time spent auto-exploring this place.
 F = Levels seen in this place.
 G = Mean time per level.
                   A        B        C        D        E       F      G
               +--------+--------+--------+--------+--------+-----+--------+
         Total |   3961 |   3766 |    195 |    245 |   2933 |   5 |  792.2 |
       Dungeon |   3961 |   3766 |    195 |    245 |   2933 |   5 |  792.2 |
               +--------+--------+--------+--------+--------+-----+--------+

Top non-repeatable levels by time:
     D:1: 1185 daAuts
     D:3: 944 daAuts
     D:2: 870 daAuts
     D:4: 712 daAuts
     D:5: 247 daAuts
